 Dungeon Crawl Stone Soup version 0.28.0-53-g5a82cb258f (webtiles) character file.

Game seed: 14720278937636404966

1016 MiltankisOP the Slicer (level 8, 0/38 HPs)
             Began as a Vine Stalker Brigand on June 19, 2022.
             Was a Follower of Dithmenos.
             Slain by a steam dragon (4 damage)
             ... on level 6 of the Dungeon.
             The game lasted 00:09:16 (4032 turns).

MiltankisOP the Slicer (Vine Stalker Brigand)       Turns: 4032, Time: 00:09:16

Health: 0/38       AC:  7    Str: 14    XL:     8   Next: 21%
Magic:  0/12       EV: 11    Int: 11    God:    Dithmenos [*.....]
Gold:   333        SH:  0    Dex: 18    Spells: 11/11 levels left

rFire   . . .      SeeInvis .   h - +2 dagger (drain)
rCold   . . .      Faith    .   (no shield)
rNeg    . . .      Spirit   +   x - +2 robe {Archmagi}
rPois   .          Reflect  .   (no helmet)
rElec   .          Harm     .   c - +0 cloak
rCorr   .          Rampage  .   j - +0 pair of gloves
Will    +....      Archmagi +   m - +0 pair of boots
Stlth   ++++......              (no amulet)
HPRegen 0.92/turn               (no ring)
MPRegen 0.13/turn               (no ring)

@: wreathed by umbra
A: fangs 3, regeneration 1, magic shield, antimagic bite, no potion heal 2
a: Renounce Religion


You were on level 6 of the Dungeon.
You worshipped Dithmenos.
Dithmenos was aware of your devotion.
You visited 1 branch of the dungeon, and saw 6 of its levels.

You collected 333 gold pieces.

Inventory:

Hand Weapons
 a - a +2 dagger
 h - a +2 dagger of draining (weapon)
 u - a +1 short sword of speed
Missiles
 d - 14 poisoned darts (quivered)
 e - 2 curare-tipped darts
Armour
 b - a +0 robe
 c - a +0 cloak (worn)
 j - a +0 pair of gloves (worn)
 m - a +0 pair of boots (worn)
 x - a +2 robe of the Archmagi (worn)
Jewellery
 i - a ring of positive energy
 n - a ring of ice
Wands
 r - a wand of paralysis (5)
Scrolls
 k - 2 scrolls of amnesia {unknown}
 l - 3 scrolls of teleportation {unknown}
 o - 6 scrolls of identify {unknown}
 q - 3 scrolls of fog {unknown}
 t - a scroll of silence {unknown}
 v - a scroll of blinking {unknown}
 y - a scroll of enchant weapon {unknown}
 A - a scroll of magic mapping {unknown}
Potions
 f - a potion of haste {unknown}
 g - 2 potions of curing {unknown}
 p - a potion of attraction {unknown}
 s - a potion of invisibility {unknown}
 w - a potion of ambrosia {unknown}
 z - a potion of might {unknown}


   Skills:
 - Level 1.7 Fighting
 - Level 8.0 Short Blades
 - Level 1.7 Throwing
 - Level 0.7 Dodging
 - Level 6.2 Stealth
 + Level 2.0 Spellcasting


You had 11 spell levels left.
You didn't know any spells.
Your spell library contained the following spells:

 Spells                   Type           Power      Damage    Failure   Level
 Slow                     Hex            4%         N/A       28%         1
 Ensorcelled Hibernation  Hex/Ice        2%         N/A       41%         2
 Confusing Touch          Hex            1%         N/A       65%         3
 Portal Projectile        Hex/Tloc       2%         N/A       65%         3
 Spider Form              Tmut/Pois      1%         N/A       65%         3
 Vampiric Draining        Necr           1%         2d6       65%         3
 Anguish                  Hex/Necr       0%         N/A       96%         4
 Blade Hands              Tmut           0%         N/A       100%        5
 Excruciating Wounds      Necr           0%         N/A       100%        5


Dungeon Overview and Level Annotations

Branches:
Dungeon (6/15)             Temple (0/1) D:4

Altars:
Dithmenos
Uskayaw

Annotations:
D:4 1 runed translucent door


Innate Abilities, Weirdness & Mutations

You have razor-sharp teeth.
Your natural rate of healing is unusually fast.
When hurt, damage is shared between your health and your magic reserves.
Your bite disrupts and absorbs the magic of your enemies.
Potions cannot restore your health.


Message History

A nearby fungus withers and dies. x3
The steam dragon breathes steam at you.
The ball of steam hits the steam dragon.
The steam dragon resists.
The ball of steam hits you! The steam dragon breathes steam at you.
The ball of steam hits you!
You hit the steam dragon but do no damage.
The steam dragon is heavily wounded.
You are engulfed in a cloud of scalding steam.
The steam dragon bites you but does no damage.
The steam dragon barely misses you.
You hit the steam dragon but do no damage.
You drain the steam dragon. Your bite misses the steam dragon.
The steam dragon is heavily wounded.
You are engulfed in a cloud of scalding steam.
The fungus is engulfed in a cloud of scalding steam.
The fungus begins to die.
The steam dragon misses you.
The steam dragon claws you but does no damage.
The fungus is engulfed in a cloud of scalding steam.
You hit the steam dragon. You drain the steam dragon.
Your bite misses the steam dragon.
The steam dragon is severely wounded.
You hit the steam dragon but do no damage.
You bite the steam dragon. You drain its power.
You feel invigorated.
The steam dragon is almost dead.
The steam dragon breathes steam at you.
The ball of steam hits the steam dragon.
The steam dragon resists.
The steam dragon dies!
The ball of steam hits you!!
* * * LOW HITPOINT WARNING * * *
Your Spellcasting skill gained 2 levels and is now at level 2!
Aiming: Paralyse
Press: ? - help, Q - select action, (/) - cycle Shift-Dir - straight line, f - steam dragon
Aim: a steam dragon (catching its breath, umbra, chance to affect: 49%)
The steam dragon resists with some effort.
A nearby fungus withers and dies.
The steam dragon bites you but does no damage.
The steam dragon claws you.
You die...

#### ####... ....... ###
..#... ###P≈### #####...
#≈^PP.^####### ###......<
##P.....≈...§§#######P^.≈≈....
#........§..D@§§§≈≈≈≈.≈P.P....
#P......^.≈.≈.P.≈.............
#≈P...≈.#########.≈P≈^P≈.P...#
##$.P≈^## ########.^...#
##P..# #.....####..# ####
#........#..# #...........#
#...........# #...........#


You could see a steam dragon (catching breath).

Vanquished Creatures
  Sigmund (D:3)
  A necrophage (D:5)
  2 ogres (D:5)
  A phantom (D:4)
  A bullfrog (D:6)
  A wyvern skeleton (D:5)
  A jelly (D:5)
  A centaur skeleton (D:4)
  A hound (D:6)
  2 iguanas (D:4)
  2 orc wizards
  9 adders
  A white imp (D:6)
  A worm (D:4)
  11 orcs
  9 ball pythons
  4 endoplasms
  2 giant cockroaches (D:1)
  5 goblins
  A hobgoblin (D:1)
  3 jackals (D:1)
  4 kobolds
  5 quokkas
  2 bats
  2 frilled lizards
  A goblin skeleton (D:4)
  A jackal zombie (D:4)
  6 rats
81 creatures vanquished.

Vanquished Creatures (others)
  A steam dragon (D:6)
  A demonic plant (D:1)
  7 fungi (D:6)
9 creatures vanquished.

Grand Total: 90 creatures vanquished

Notes
Turn   | Place    | Note
-------+----------+-------------------------------------------
     0 | D:1      | MiltankisOP the Vine Stalker Brigand began the quest for
                  | the Orb.
     0 | D:1      | Reached XP level 1. HP: 11/11 MP: 2/2
    80 | D:1      | Reached skill level 2 in Short Blades
    80 | D:1      | Reached skill level 5 in Stealth
   257 | D:1      | Reached XP level 2. HP: 10/14 MP: 1/3
   397 | D:1      | Found a faded altar of an unknown god.
   943 | D:2      | Reached XP level 3. HP: 18/18 MP: 2/4
  1346 | D:2      | Gained mutation: Your natural rate of healing is unusually
                  | fast. [Vine Stalker growth]
  1346 | D:2      | Reached XP level 4. HP: 23/23 MP: 5/5
  1389 | D:2      | Reached skill level 3 in Short Blades
  1711 | D:3      | Found a shadowy altar of Dithmenos.
  1737 | D:3      | Became a worshipper of Dithmenos the Shadowed
  1838 | D:3      | Noticed Sigmund
  1855 | D:3      | Killed Sigmund
  1856 | D:3      | Reached skill level 5 in Short Blades
  1856 | D:3      | Reached XP level 5. HP: 26/26 MP: 6/6
  1856 | D:3      | Reached XP level 6. HP: 30/30 MP: 7/7
  1997 | D:3      | You fall into a shaft and drop 3 floors!
  2108 | D:5      | Entered Level 5 of the Dungeon
  2137 | D:5      | Noticed a necrophage
  2179 | D:5      | Killed a necrophage
  2180 | D:5      | Reached skill level 6 in Short Blades
  2180 | D:5      | Reached XP level 7. HP: 22/34 MP: 6/8
  2410 | D:4      | Found a runed translucent door.
  2410 | D:4      | Noticed a human
  2431 | D:4      | Found a staircase to the Ecumenical Temple.
  2515 | D:4      | Reached * piety under Dithmenos
  3074 | D:3      | Found a hide-covered altar of Uskayaw.
  3325 | D:4      | Reached skill level 7 in Short Blades
  3510 | D:5      | Gained mutation: You have razor-sharp teeth. [Vine Stalker
                  | growth]
  3510 | D:5      | Reached XP level 8. HP: 38/38 MP: 9/9
  3851 | D:6      | Reached skill level 8 in Short Blades
  4032 | D:6      | Slain by a steam dragon

Illustrated notes

Levels and vault maps discovered:
D:1:      dpeg_arrival_three_bigger_balls, layout_loops_ring,
          shapermc_ecumenical_altar_gd
D:2:      layout_basic
D:3:      layout_loops_ring, mainiacjoe_overflow_alcove_1,
          amcnicky_altar_gilded, uniq_sigmund
D:4:      layout_cave_pods, dk_yredelemnul_ordeal,
          minmay_temple_entry_sparse_star, minmay_crystal_room,
          hangedman_decor_diamond_cutter
D:5:      layout_cave_pools, roderic_serpentine_path
D:6:      kennysheep_steamy, layout_gridville, fedhas_altar_1

Skill      XL: |  1  2  3  4  5  6  7  8 |
---------------+-------------------------+-----
Short Blades   | 2 5 6 7 8 |  8.0
Stealth        | 5 6 |  6.2
Spellcasting   | 2 |  2.0
Fighting       | |  1.7
Throwing       | |  1.7
Dodging        | |  0.7

Action                   |  1- 3 |  4- 6 |  7- 9 || total
-------------------------+-------+-------+-------++-------
Melee: Dagger            |    43 |    83 |    92 ||   218
       Bite              |     3 |    17 |    33 ||    53
       Punch             |       |     1 |     3 ||     4
Throw: Dart              |       |       |     6 ||     6
Evoke: Wand              |       |       |     1 ||     1
 Stab: Sleeping          |     9 |    12 |     7 ||    28
Armor: Robe              |    12 |    11 |    15 ||    38
Dodge: Dodged            |    17 |    21 |    30 ||    68
